 Dungeon Crawl Stone Soup version 0.28-a0-1356-g2ad6d04315 (webtiles) character file.

Game seed: 13432723153075705356

1334 fragbeetle the Skirmisher (level 8, -1/68 HPs)
             Began as a Palentonga Berserker on Dec 31, 2021.
             Was a Believer of Trog.
             Slain by a hornet (5 damage)
             ... on level 8 of the Dungeon.
             The game lasted 00:14:05 (3732 turns).

fragbeetle the Skirmisher (Palentonga Berserker)    Turns: 3732, Time: 00:14:05

Health: -1/68      AC: 16    Str: 23    XL:     8   Next: 34%
Magic:  8/8        EV: 10    Int:  8    God:    Trog [**....]
Gold:   230        SH:  0    Dex:  9    Spells: 7/7 levels left

rFire   . . .      SeeInvis +   a - +2 mace (protect)
rCold   . . .      Faith    .   (no shield)
rNeg    + . .      Spirit   .   y - +2 leather armour {rN+}
rPois   .          Reflect  .   r - +0 helmet
rElec   .          Harm     .   B - +0 cloak
rCorr   .          Rampage  .   (no gloves)
Will    .....                   (no barding)
Stlth   +.........              l - amulet of magic regeneration
HPRegen 0.21/turn               (no ring)
MPRegen 0.51/turn               (no ring)

@: lethally poisoned (-1 -> -11), on berserk cooldown, slowed, curled up, very
slow
A: large, rugged brown scales 3, see invisible, deformed body, roll 1, armoured
tail, reflexive curl
a: Rolling Charge, Renounce Religion, Berserk, Trog's Hand


You were on level 8 of the Dungeon.
You worshipped Trog.
Trog was pleased with you.
You visited 1 branch of the dungeon, and saw 6 of its levels.

You collected 230 gold pieces.

Inventory:

Hand Weapons
 a - a +2 mace of protection (weapon)
 b - a +0 hunting sling
 q - a +0 hand axe
 t - a +0 war axe
 z - a +2 whip of freezing
 C - a +0 shortbow
Missiles
 d - 231 stones
 g - 4 javelins
 A - 9 poisoned darts
 D - 2 arrows
 E - a curare-tipped dart
 F - a boomerang
Armour
 r - a +0 helmet (worn)
 v - a +0 leather armour of fire resistance
 y - a +2 leather armour of positive energy (worn)
 B - a +0 cloak (worn)
Jewellery
 l - an amulet of magic regeneration (around neck)
Wands
 x - a wand of flame (14)
Scrolls
 e - a scroll of immolation {unknown}
 f - 5 scrolls of identify
 i - a scroll of noise {unknown}
 m - a scroll of teleportation {unknown}
 n - a scroll of holy word {unknown}
 o - 2 scrolls of blinking
 s - a scroll of summoning {unknown}
Potions
 h - a potion of attraction {unknown}
 j - 3 potions of curing {unknown}
 k - a potion of resistance {unknown}
 p - a potion of degeneration {unknown}
 u - a potion of brilliance {unknown}
 w - a potion of flight {unknown}


   Skills:
 + Level 5.8 Fighting
 - Level 3.5(4.5) Axes
 + Level 4.3(4.9) Maces & Flails
 + Level 1.3 Bows
 + Level 4.4 Armour
 + Level 4.4 Dodging


You had 7 spell levels left.
You didn't know any spells.
Your spell library contained the following spells:

 Spells                   Type           Power      Damage    Failure   Level
 Beastly Appendage        Tmut           0%         N/A       45%         1
 Wereblood                Tmut           0%         N/A       58%         2
 Spider Form              Tmut/Pois      0%         N/A       83%         3


Dungeon Overview and Level Annotations

Branches:
Dungeon (8/15)
 Temple: D:4-7         Lair: D:8-11

Altars:
Gozag

Annotations:
D:7 Menkaure


Innate Abilities, Weirdness & Mutations

You are completely covered in rugged brown scales. (AC +3, +7% HP)
You have supernaturally acute eyesight. (SInv)
Armour fits poorly on your strangely shaped body.
You can roll at nearby foes to attack.
You have a long armoured tail.
You curl defensively after being hit. (AC +7*)


Message History

Aim: a hornet (severely wounded, 52% to hit)
The puff of flame misses the hornet.
The puff of flame hits the shadow imp.
The shadow imp is moderately wounded.
You feel very sick. The hornet barely misses you.
The hornet completely misses you.
Aiming: Throw Flame
Press: ? - help, Shift-Dir - straight line, f/p - hornet
Aim: a hornet (severely wounded, 52% to hit)
The puff of flame hits the hornet.
The hornet is severely wounded.
You feel sick. The hornet closely misses you. x2
The shadow imp grinds its teeth.
Aiming: Throw Flame
Press: ? - help, Shift-Dir - straight line, f/p - hornet
Aim: a hornet (severely wounded, 52% to hit)
The puff of flame misses the hornet.
The puff of flame misses the shadow imp.
You feel sick. The hornet stings you.
* * * LOW HITPOINT WARNING * * *
You feel as though you will be slow longer.
The hornet barely misses you.
Aiming: Throw Flame
Press: ? - help, Shift-Dir - straight line, f/p - hornet
Aim: a hornet (severely wounded, 52% to hit)
The puff of flame misses the hornet.
The puff of flame hits the shadow imp.
The shadow imp is severely wounded.
You feel sick. The hornet stings you.
* * * LOW HITPOINT WARNING * * *
You are lethally poisoned!
You feel as though you will be slow longer.
The hornet stings you but does no damage. x2
Aiming: Throw Flame
Press: ? - help, Shift-Dir - straight line, f/p - hornet
Aim: a hornet (severely wounded, 52% to hit)
The puff of flame hits the hornet.
The hornet is severely wounded.
* * * LOW HITPOINT WARNING * * *
You feel very sick. The hornet stings you.
You die...

#.#..........##############
#.#>.......................
#...............###########
#+#####...............#
#....)<)..............#
#..####)##########....#
#.......# #....##
##'####.##########.##..#
................@y5###.#
.....##.############ #.#
.....##.###########
#.5......
.....##...........#
#.'......
....)##....)......#
###..5... #
#######...........# ...!..
≈ ##..........# .....# ≈
#..........# ...##
#..........# ..##S


You could see a hornet and a shadow imp.

Vanquished Creatures
  Pikel (D:4)
  Sigmund (D:3)
  A necrophage (D:8)
  A centaur (D:8)
  A lemure (D:3)
  A kobold brigand (D:8)
  A bullfrog (D:8)
  A wyvern zombie (D:8)
  A lava snake (D:8)
  2 howler monkeys (D:8)
  A centaur zombie (D:8)
  A centaur skeleton (D:4)
  3 orc priests (D:3)
  Ijyb (D:3)
  An orc wizard (D:8)
  Terence (D:2)
  Robin (D:2)
  An adder (D:2)
  2 dart slugs
  9 orcs
  5 endoplasms
  17 goblins
  3 hobgoblins
  2 quokkas (D:1)
  8 ball pythons
  4 bats
  A frilled lizard (D:2)
  8 kobolds
  6 rats
86 creatures vanquished.

Notes
Turn   | Place    | Note
-------+----------+-------------------------------------------
     0 | D:1      | fragbeetle the Palentonga Berserker began the quest for the
                  | Orb.
     0 | D:1      | Reached XP level 1. HP: 19/19 MP: 1/1
   457 | D:1      | Reached XP level 2. HP: 25/25 MP: 2/2
   969 | D:2      | Found a faded altar of an unknown god.
  1005 | D:2      | Reached ** piety under Trog
  1067 | D:2      | Noticed Terence
  1075 | D:2      | Killed Terence
  1076 | D:2      | Reached XP level 3. HP: 31/31 MP: 3/3
  1152 | D:2      | Noticed Robin
  1168 | D:2      | Killed Robin
  1169 | D:2      | Reached XP level 4. HP: 26/37 MP: 4/4
  2101 | D:3      | Reached skill level 1 in Maces & Flails
  2101 | D:3      | Reached XP level 5. HP: 44/44 MP: 5/5
  2103 | D:3      | Reached skill level 4 in Fighting
  2186 | D:3      | Found an opulent altar of Gozag.
  2208 | D:3      | Noticed Ijyb
  2225 | D:3      | Killed Ijyb
  2422 | D:3      | Noticed Sigmund
  2614 | D:3      | Killed Sigmund
  2615 | D:3      | Reached XP level 6. HP: 52/52 MP: 6/6
  2851 | D:4      | Noticed Pikel
  2914 | D:4      | Killed Pikel
  2915 | D:4      | Reached skill level 5 in Fighting
  2915 | D:4      | Gained mutation: You curl defensively after being hit. (AC
                  | +7*) [Palentonga growth]
  2915 | D:4      | Reached XP level 7. HP: 52/59 MP: 7/7
  2965 | D:4      | You fall into a shaft and drop 3 floors!
  2965 | D:7      | Noticed Menkaure
  3330 | D:8      | Reached XP level 8. HP: 67/67 MP: 8/8
  3517 | D:8      | Reached skill level 1 in Bows
  3708 | D:8      | Noticed a hornet
  3722 | D:8      | Paralysed by a hornet for 1 turns
  3732 | D:8      | Slain by a hornet

Illustrated notes

Levels and vault maps discovered:
D:1:      evilmike_arrival_rings, layout_basic
D:2:      layout_loops_corners, shapermc_ecumenical_altar_venn,
          wander_ebering_terrifying_dragon_lair, uniq_terence, uniq_robin
D:3:      layout_rooms, grunt_gozag_breadcrumbs, kennysheep_generic_room_3,
          uniq_ijyb, uniq_sigmund
D:4:      layout_cave_pools, lemuel_zombie_altar_yredelemnul,
          columned_hall_lemuel, uniq_natasha, uniq_pikel, uniq_grinder
D:7:      layout_basic, st_stairs_13, uniq_menkaure
D:8:      layout_basic, hangedman_decor_lopped, kennysheep_opposing_triangles

Skill      XL: |  1  2  3  4  5  6  7  8 |
---------------+-------------------------+-----
Armour         | 2 3 4 |  4.4
Dodging        | 2 3 4 |  4.4
Maces & Flails | 1 2 3 4 |  4.3
Fighting       | 4 5 |  5.8
Bows           | 1 |  1.3
Axes           | |  3.5

Action                   |  1- 3 |  4- 6 |  7- 9 || total
-------------------------+-------+-------+-------++-------
Melee: Hand axe          |    79 |     4 |       ||    83
       Tailslap          |     8 |     9 |    11 ||    28
       Mace              |       |    78 |    91 ||   169
 Fire: Hunting sling     |    16 |       |    11 ||    27
       Shortbow          |       |       |    17 ||    17
Invok: Berserk           |     2 |     4 |     3 ||     9
       Trog's Hand       |       |     1 |     1 ||     2
 Abil: Rolling Charge    |       |     1 |       ||     1
Evoke: Wand              |       |     2 |     5 ||     7
  Use: Scroll            |       |       |     2 ||     2
       Potion            |       |       |     1 ||     1
Armor: Scale mail        |    28 |    32 |       ||    60
       Leather armour    |       |    56 |    87 ||   143
Dodge: Dodged            |    32 |    73 |    65 ||   170

Table legend: (Time is in decaauts)
 A = Elapsed time spent in this place.
 B = Non-inter-level travel time spent in this place.
 C = Inter-level travel time spent in this place.
 D = Time resting spent in this place.
 E = Time spent auto-exploring this place.
 F = Levels seen in this place.
 G = Mean time per level.
                   A        B        C        D        E       F      G
               +--------+--------+--------+--------+--------+-----+--------+
         Total |   3858 |   3763 |     95 |    682 |   1406 |   6 |  643.0 |
       Dungeon |   3858 |   3763 |     95 |    682 |   1406 |   6 |  643.0 |
               +--------+--------+--------+--------+--------+-----+--------+

Top non-repeatable levels by time:
     D:2: 1252 daAuts
     D:1: 902 daAuts
     D:3: 810 daAuts
     D:8: 784 daAuts
     D:4: 81 daAuts
     D:7: 27 daAuts
